 Dungeon Crawl Stone Soup version 0.28-a0-2-g643f2454ad (webtiles) character file.

Game seed: 358490807967926796

79 Mitsuki the Gusty (level 4, 0/24 HPs)
             Began as a Deep Elf Air Elementalist on July 22, 2021.
             Slain by a gnoll (7 damage)
             ... on level 2 of the Dungeon.
             The game lasted 00:04:53 (1993 turns).

Mitsuki the Gusty (Deep Elf Air Elementalist)       Turns: 1993, Time: 00:04:53

Health: 0/24       AC:  2    Str:  5    XL:     4   Next: 16%
Magic:  7/11       EV: 12    Int: 21    God:
Gold:   26         SH:  0    Dex: 15    Spells: 9/10 levels left

rFire   . . .      SeeInvis .   f - +0 dagger
rCold   . . .      Faith    .   (no shield)
rNeg    . . .      Spirit   .   a - +0 robe
rPois   .          Reflect  .   (no helmet)
rElec   .          Harm     .   (no cloak)
rCorr   .          Rampage  .   (no gloves)
Will    .....                   (no boots)
Stlth   ++........              (no amulet)
HPRegen 0.08/turn               (no ring)
MPRegen 0.12/turn               (no ring)

@: no status effects
A: no striking features
a: no special abilities


You were on level 2 of the Dungeon.
You visited 1 branch of the dungeon, and saw 2 of its levels.

You collected 26 gold pieces.

Inventory:

Hand Weapons
 f - a +0 dagger (weapon)
Missiles
 j - a throwing net
Armour
 a - a +0 robe (worn)
Scrolls
 c - 2 scrolls of identify {unknown}
 h - a scroll of holy word {unknown}
 i - a scroll of enchant armour {unknown}
Potions
 b - a potion of lignification {unknown}
 d - a potion of cancellation {unknown}
 e - 2 potions of mutation {unknown}
 g - a potion of flight {unknown}


   Skills:
 - Level 2.4 Dodging
 - Level 2.4 Stealth
 + Level 3.9 Spellcasting
 + Level 2.3 Conjurations
 * Level 4.1 Air Magic


You had 9 spell levels left.
You knew the following spells:

 Your Spells              Type           Power      Damage    Failure   Level
a - Shock                 Conj/Air       68%        1d7       3%          1

Your spell library contained the following spells:

 Spells                   Type           Power      Damage    Failure   Level
 Static Discharge         Conj/Air       17%        N/A       4%          2
 Swiftness                Air            21%        N/A       6%          3
 Airstrike                Air            10%        N/A       22%         4


Dungeon Overview and Level Annotations

Branches:
Dungeon (2/15)

Altars:

Shops:
D:2 ??


Message History

A gnoll is nearby!
Okay, then.
Casting: Shock (safe; 3% risk of failure)
Confirm with . or Enter, or press ? or * to list all spells.
The zap hits the gnoll.
The gnoll is lightly wounded.
Casting: Shock (safe; 3% risk of failure)
Confirm with . or Enter, or press ? or * to list all spells.
The zap misses the gnoll.
You now have 4/11 mp.
Casting: Shock (safe; 3% risk of failure)
Confirm with . or Enter, or press ? or * to list all spells.
The zap hits the gnoll.
The gnoll is moderately wounded.
You now have 3/11 mp.
The gnoll hits you with a +0 whip!
You take 7 damage, and have 17/24 hp.
MASSIVE DAMAGE!!
You hit the gnoll.
The gnoll is moderately wounded.
The gnoll closely misses you.
You hit the gnoll.
The gnoll is heavily wounded.
The gnoll closely misses you.
You hit the gnoll but do no damage.
The gnoll is heavily wounded.
The gnoll barely misses you.
You hit the gnoll.
The gnoll is heavily wounded.
The gnoll hits you with a +0 whip.
You take 4 damage, and have 14/24 hp.
The gnoll shouts!
You hit the gnoll but do no damage.
The gnoll is heavily wounded.
The gnoll hits you with a +0 whip!
* * * LOW HITPOINT WARNING * * *
You take 9 damage, and have 5/24 hp.
MASSIVE DAMAGE!!
You are too injured to fight recklessly!
There is a stone staircase leading up here.
The gnoll hits you with a +0 whip!
You die...

..)## #.# #.##..#.### ##..####.#
#.##....... ##.......#
#.##....... ##.#####.##
#.##....... ...>## #..#
#.##....... ##...# #..##
##.##....... ##..####..###
#..##...#...
###...###....#########...........
∩.#.#∩..##g)...g@...<....##.##.##
.....##...........#..#...##.##.##
###..............###.............
###...#..........# #.....##.#...#
......#..........###...#.##.....#
###...#............#............#
#####..........#.##....##....##
............#.##....##.....#
##..........#.............>#


You could see 2 gnolls.

Vanquished Creatures
  2 gnolls (D:2)
  2 adders (D:2)
  3 dart slugs
  An endoplasm (D:2)
  2 hobgoblins (D:1)
  4 jackals
  5 quokkas
  5 ball pythons
  2 bats (D:2)
  3 frilled lizards
  3 goblins
  2 kobolds
  3 rats (D:1)
37 creatures vanquished.

Notes
Turn   | Place    | Note
-------+----------+-------------------------------------------
     0 | D:1      | Mitsuki the Deep Elf Air Elementalist began the quest for
                  | the Orb.
     0 | D:1      | Reached XP level 1. HP: 10/10 MP: 6/6
   449 | D:1      | Reached XP level 2. HP: 15/15 MP: 5/8
  1184 | D:2      | Reached XP level 3. HP: 19/19 MP: 6/10
  1277 | D:2      | Found a faded altar of an unknown god.
  1509 | D:2      | Found Perofe's Magic Scroll Shoppe.
  1515 | D:2      | Found Plog's Magic Scroll Shop.
  1644 | D:2      | Reached skill level 4 in Air Magic
  1902 | D:2      | Reached XP level 4. HP: 24/24 MP: 6/11
  1993 | D:2      | Slain by a gnoll

Illustrated notes

Levels and vault maps discovered:
D:1:      dpeg_arrival_lava_altar, layout_loops_ring, minmay_indecisive_spiral
D:2:      layout_rooms, serial_shops, shop, shop,
          shapermc_ecumenical_altar_mp_urbaneastern,
          hangedman_abyss_or_decor_lesser_grid

Skill      XL: |  1  2  3 |
---------------+----------+-----
Conjurations   | 2 |  2.3
Air Magic      | 4 |  4.1
Dodging        | |  2.4
Stealth        | |  2.4
Spellcasting   | |  3.9

Action                   |  1- 3 |  4- 6 || total
-------------------------+-------+-------++-------
Melee: Dagger            |     1 |     5 ||     6
 Cast: Shock             |    82 |    10 ||    92
Armor: Robe              |     4 |       ||     4
Dodge: Dodged            |    22 |     3 ||    25

Table legend: (Time is in decaauts)
 A = Elapsed time spent in this place.
 B = Non-inter-level travel time spent in this place.
 C = Inter-level travel time spent in this place.
 D = Time resting spent in this place.
 E = Time spent auto-exploring this place.
 F = Levels seen in this place.
 G = Mean time per level.
                   A        B        C        D        E       F      G
               +--------+--------+--------+--------+--------+-----+--------+
         Total |   1994 |   1897 |     97 |    330 |   1344 |   2 |  997.0 |
       Dungeon |   1994 |   1897 |     97 |    330 |   1344 |   2 |  997.0 |
               +--------+--------+--------+--------+--------+-----+--------+

Top non-repeatable levels by time:
     D:1: 1376 daAuts
     D:2: 617 daAuts
